AoeStats
← Cletus1988

Arabia

510939385Analyzed
1v1 RM · 7h ago on Oct 3, 2026· 39m 23s· 2 players
Game mode
Random Map
Map size
Tiny (2 player)
Population
200
Speed
Normal
Resources
Standard
Victory
Conquest
Starting age
Dark Age
Ending age
Imperial Age
RankedLock teamsTeams togetherTeam positionsShared explorationLock speedFull tech treeHidden civsTurbo modeCheats
Victory
Defeat
🇹🇷 Mongols · Türkiye
1111
+17
🇲🇽 Mongols · Mexico
1125
-17
Milkus Dilkus
7:21 Loom
9:37 Feudal Age
19:44 Castle Age
18:11 Fletching
18:23 Padded Archer Armor
18:17 Double-Bit Axe
19:44 Horse Collar
19:57 Gold Mining
23:48 Gold Shaft Mining
24:17 Bow Saw
23:43 Elite Skirmisher
24:21 Bodkin Arrow
25:46 Thumb Ring
26:23 Leather Archer Armor
28:49 Pikeman
Cletus1988
8:24 Feudal Age
8:41 Man-at-Arms
12:00 Double-Bit Axe
12:30 Loom
17:00 Padded Archer Armor
16:55 Fletching
17:12 Fishing Lines
23:20 Castle Age
22:33 Scale Barding Armor
23:17 Bloodlines
24:17 Thumb Ring
25:24 Bodkin Arrow
28:34 Forging
31:09 Padded Archer Armor
31:30 Chain Barding Armor
31:52 Ballistics
37:04 Husbandry
36:43 Elite Skirmisher
Connection lost

Rejoining the realm…

Still unreachable

The connection could not be restored.

Session expired

The server has moved on; the page needs a fresh start.